Map: Eternal Empire LE

Players

Maxilicious

  • Race: Terran Terran
  • Spawn Location: 1:00

A.I. 1 (Very Easy) - Winner!

  • Race: Terran Terran
  • Spawn Location: 7:00

VOD

Have the link to the VOD?

Description

Time

  • Played on: Dec. 31, 2019, 9:30 a.m.
  • Length: 5:23
Show
View Real Time Build Order
Export as new Build Order

Maxilicious Terran 

Build Orders:  

Get SALT Encoding   

  12  0:01  SCV  
  13  0:13  SCV  
  14  0:18  Supply Depot  
  14  0:25  SCV  
  15  0:30  Refinery  
  15  0:39  SCV  
  16  0:46  Barracks  
  16  0:51  SCV  
  17  0:57  Refinery  
  17  1:03  SCV  
  18  1:15  SCV  
  19  1:32  Orbital Command  
  19  1:34  Reaper  
  19  1:38  Factory  
  20  1:47  Supply Depot  
  20  1:58  SCV  
  21  2:06  Reaper  
  22  2:10  SCV  
  23  2:22  Hellion  
  25  2:23  SCV  
  26  2:31  Command Center  
  26  2:39  Starport  
  26  2:42  Reaper  
  27  2:49  Supply Depot  
  27  2:50  SCV  
  28  2:56  Hellion  
  30  3:02  SCV  
  31  3:16  Refinery  
  31  3:19  Barracks Reactor  
  31  3:21  Fusion Core, Factory Tech Lab  
  31  3:22  SCV  
  32  3:28  Starport Tech Lab  
  32  3:34  SCV  
  33  3:44  Cyclone  
  36  3:50  Orbital Command  
  36  3:52  SCV  
  37  4:04  SCV  
  38  4:16  Marine x2  
  40  4:17  SCV x2  
  48  4:33  Supply Depot  
  48  4:36  Cyclone  
  48  4:37  SCV  
  48  4:38  SCV  
  53  4:48  Marine  
  53  4:49  Supply Depot  
  54  4:54  Marine  
  54  4:56  SCV x2  
  57  5:06  Command Center  
  57  5:09  SCV x2  
Show
View Real Time Build Order
Export as new Build Order

A.I. 1 (Very Easy) Terran - Winner!

Build Orders: Reaper Expand 

Get SALT Encoding   

  12  0:00  SCV  
  13  0:13  SCV  
  14  0:18  Supply Depot  
  14  0:42  Barracks  
  14  1:03  Command Center  
  14  1:28  Marine, Orbital Command  
  15  1:34  Supply Depot  
  15  1:38  Refinery  
  15  1:51  Refinery  
  15  1:54  SCV  
  16  2:06  SCV  
  17  2:18  SCV, Reaper  
  17  2:20  SCV  
  20  2:30  SCV  
  20  2:34  SCV  
  22  2:42  SCV  
  23  2:45  Refinery  
  23  2:49  SCV  
  24  2:56  SCV  
  25  3:00  Marine  
  25  3:03  SCV  
  27  3:10  SCV  
  28  3:16  Factory  
  28  3:18  SCV  
  29  3:38  Refinery  
  29  3:40  SCV  
  30  3:43  Marine  
  30  3:47  SCV  
  32  3:52  Supply Depot  
  32  3:54  SCV  
  32  4:02  Starport, SCV  
  33  4:09  SCV  
  34  4:16  SCV  
  35  4:23  SCV  
  36  4:26  Reaper  
  36  4:30  SCV  
  38  4:37  SCV  
  39  4:42  Starport Tech Lab, Supply Depot  
  39  4:44  SCV  
  40  4:52  SCV  
  41  4:59  SCV  
  42  5:06  SCV  
Tags
 
Matchup
TvT
Race
Terran
Spawn Locations
Cross Positions
Add a new tag
Caveats
  • Supply blocks, unpowered buildings, or Contaminate may cause inaccurate times.
  • Supply counts are checked every 10 seconds.